 Dungeon Crawl Stone Soup version 0.30-a0-585-g93115170b9 (webtiles) character file.

Game seed: 8791569491223760624

9754 avis the Nimble (level 11, -11/138 HPs)
             Began as a Demigod Warper on Jan 3, 2023.
             Mangled by a death knight
             ... wielding a +0 morningstar
              (15 damage)
             ... on level 8 of the Dungeon.
             The game lasted 01:25:33 (11897 turns).

avis the Nimble (Demigod Warper)                   Turns: 11897, Time: 01:25:34

Health: -11/138    AC: 25    Str: 12    XL:     11   Next: 6%
Magic:  19/19      EV:  2    Int: 15    God:
Gold:   616        SH:  0    Dex: 25    Spells: 7/16 levels left

rFire   . . .      SeeInvis .    a - +2 scimitar (flame)
rCold   . . .      Faith    .    (no shield)
rNeg    . . .      Spirit   .    (body armour currently unavailable)
rPois   +          Reflect  .    (helmet currently unavailable)
rElec   .          Harm     .    (cloak currently unavailable)
rCorr   .          Rampage  .    (gloves currently unavailable)
Will    +....      Clarity  +    (boots currently unavailable)
Stlth   ++         NoTele   +    (no amulet)
HPRegen 0.43/turn                E - +5 ring of evasion
MPRegen 0.16/turn                j - ring of wizardry

@: tree-form, hasted, very quick
A: stationary, stasis, torment immunity, boosted hp, high MP 1, forlorn, divine
attributes, (hooves 1), (horns 1), clarity, sense surroundings 1
a: no special abilities


You were on level 8 of the Dungeon.
You were a tree.
You visited 3 branches of the dungeon, and saw 11 of its levels.

You collected 616 gold pieces.

Inventory:

Hand Weapons
 a - a +2 scimitar of flaming (weapon)
 b - a +0 shortbow
 l - a +0 scimitar
Missiles
 d - 5 boomerangs of dispersal (quivered)
 x - 11 boomerangs
 H - 15 poisoned darts
 I - 4 curare-tipped darts
 Y - 2 silver boomerangs
Armour
 f - a +0 pair of boots (melded)
 o - a +0 pair of gloves (melded)
 Q - a +0 cloak (melded)
 T - +4 swamp dragon scales (melded)
Jewellery
 e - a ring of willpower
 g - a +6 ring of intelligence
 j - a ring of wizardry (right branch)
 s - the ring "Dedimief" {Ice +Blink rN+ SInv}
   (You found it on level 3 of the Dungeon)

   [ring of ice]

   It enhances your ice magic.
   rF:        It makes you vulnerable to fire.
   rC:        It protects you from cold.
   rN:        It protects you from negative energy.
   SInv:      It lets you see invisible.
   +Blink:    It lets you blink.
 D - the ring of Deuceoc {rN+ MP+9}
   (You found it on level 2 of the Dungeon)

   [ring of magical power]

   rN:        It protects you from negative energy.
   MP:        It affects your magic capacity (+9).
 E - a +5 ring of evasion (left branch)
Wands
 h - a wand of flame (22)
 t - a wand of mindburst (1)
 A - a wand of polymorph (15)
 C - a wand of iceblast (3)
 L - a wand of charming (6)
 R - a wand of digging (4)
Scrolls
 c - a scroll of blinking
 k - a scroll of amnesia
 m - 2 scrolls of teleportation
 n - 2 scrolls of magic mapping
 r - 7 scrolls of identify
 W - a scroll of silence
Potions
 i - a potion of ambrosia
 q - a potion of cancellation
 u - a potion of curing
 v - a potion of brilliance
 G - a potion of flight
 J - a potion of might
 K - a potion of magic
 M - a potion of mutation
 U - a potion of haste


   Skills:
 - Level 7.0 Fighting
 - Level 10.0 Long Blades
 - Level 0.8 Throwing
 - Level 0.8 Armour
 * Level 10.6 Dodging
 - Level 1.0 Stealth
 - Level 3.0 Spellcasting
 - Level 4.0 Translocations


You had 7 spell levels left.
You knew the following spells:

 Your Spells              Type           Power      Damage    Failure   Level
b - Blink                 Tloc           28%        N/A       2%          2
o - Teleport Other        Tloc           14%        N/A       4%          3
A - Manifold Assault      Tloc           14%        N/A       16%         4

Your spell library contained the following spells:

 Spells                   Type           Power      Damage    Failure   Level
 Apportation              Tloc           28%        N/A       1%          1
 Lesser Beckoning         Tloc           28%        N/A       4%          3
 Beastly Appendage        Tmut           4%         N/A       9%          1
 Vhi's Electric Charge    Tloc/Air       16%        N/A       11%         3
 Scorch                   Fire           4%         2d5       12%         2
 Wereblood                Tmut           2%         N/A       12%         2
 Dazzling Flash           Conj/Hex       4%         N/A       24%         3
 Ignite Poison            Fire/Tmut/Pois 2%         N/A       24%         3
 Spider Form              Tmut/Pois      2%         N/A       24%         3
 Summon Guardian Golem    Hex/Summ       2%         N/A       24%         3
 Iskenderun's Mystic Bla  Conj/Tloc      8%         2d4       32%         4
 Cause Fear               Hex            1%         N/A       58%         4
 Flame Wave               Conj/Fire      2%         2d4       58%         4
 Olgreb's Toxic Radiance  Pois           2%         N/A       58%         4
 Sticky Flame             Conj/Fire      2%         2d3       58%         4
 Alistair's Intoxication  Tmut/Pois      1%         N/A       89%         5
 Starburst                Conj/Fire      1%         6d3       100%        6
 Summon Cactus Giant      Summ           1%         N/A       100%        6
 Dragon Form              Tmut           1%         N/A       100%        7
 Orb of Destruction       Conj           1%         9d5       100%        7
 Ozocubu's Refrigeration  Ice            1%         4d7       100%        7
 Spellforged Servitor     Conj/Summ      1%         N/A       100%        7
 Ignition                 Fire           1%         3d3       100%        8
 Dragon's Call            Summ           1%         N/A       100%        9


Dungeon Overview and Level Annotations

Branches:
Dungeon (9/15)             Temple (1/1) D:4            Lair (1/5) D:8
    Orc: D:9-12

Shops:
D:1 =

Annotations:
Lair:1 3 runed translucent doors, bmack86's ghost, journeyman MiFi


Innate Abilities, Weirdness & Mutations

You are a tree.
Your roots penetrate the ground, keeping you stationary.
You cannot be teleported.
You are immune to unholy pain and torment.
Your maximum health is greatly increased.
Your equipment is partially melded.
You have an increased reservoir of magic. (+10% MP)
You shall have no god before yourself.
Your divine heritage dramatically boosts your attributes as you level up.
((You have large cloven feet.))
((You have a pair of small horns on your head.))
You possess an exceptional clarity of mind.
You passively map a small area around you.


Message History

The death knight hits you with a +0 morningstar!!
You climb upwards.
There is a stone staircase leading down here.
Your +2 scimitar of flaming bursts into flame!
a - a +2 scimitar of flaming (weapon)
You hit the death knight but do no damage.
Your headbutt misses the death knight.
The death knight hits you with a +0 morningstar!!
You hit the death knight. You burn the death knight.
You headbutt the death knight.
The death knight is lightly wounded.
The death knight hits you with a +0 morningstar!
* * * LOW HITPOINT WARNING * * *
Really quaff the potion of lignification?
You turn into a tree.
Your +0 cloak melds into your body.
Your +0 pair of gloves melds into your body.
Your +0 pair of boots melds into your body.
Your +4 swamp dragon scales melds into your body.
Your roots penetrate the ground.
The death knight hits you with a +0 morningstar.
* * * LOW HITPOINT WARNING * * *
You hit the death knight but do no damage.
The death knight is lightly wounded.
The death knight hits you with a +0 morningstar.
* * * LOW HITPOINT WARNING * * *
You feel yourself speed up.
The death knight offers itself to Yredelemnul, and fills with unholy energy.
You hit the death knight. You burn the death knight.
The death knight is moderately wounded.
The death knight reflects your damage back at you!
* * * LOW HITPOINT WARNING * * *
The death knight hits you but does no damage.
You hit the death knight but do no damage.
The death knight is lightly wounded.
You slash the death knight! You burn the death knight.
The death knight is heavily wounded.
The death knight reflects your damage back at you!
* * * LOW HITPOINT WARNING * * *
The death knight hits you with a +0 morningstar!
You die...

##...## #.# ##'## #.#
#.# #.# #.##### #.#
#######.#...### #.#
........<.....# #.#
..............# #.#
..............######.#
...............p♣....#
.......#......########
.#####.##...#.#
.#####........#
.......########
########


You could see a death knight (reflects damage).

Vanquished Creatures
  Sonja (Lair:1)
  A black mamba (Lair:1)
  A cane toad (Lair:1)
  A smoke demon (D:8)
  Maggie (D:7)
  A komodo dragon (Lair:1)
  Prince Ribbit (D:5)
  13 blink frogs (Lair:1)
  Sigmund (D:2)
  8 yaks
  3 steam dragons
  7 water moccasins
  An orc warrior (D:8)
  Pargi (D:4)
  A sky beast (D:7)
  A black bear (D:6)
  A centaur (D:8)
  2 ogres (D:6)
  A phantom (D:6)
  A kobold brigand (D:6)
  3 necrophages
  4 bullfrogs
  2 scorpions
  4 howler monkeys (D:7)
  4 hounds
  3 orc priests
  Crazy Yiuf (D:3)
  3 jellies
  Jessica (D:3)
  Natasha (thrice) (D:3)
  An iguana (D:5)
  Ijyb (D:5)
  15 orc wizards
  A gnoll (D:5)
  8 adders
  A shadow imp (D:7)
  An ufetubus (D:4)
  3 worms
  5 dart slugs
  24 orcs
  6 endoplasms
  2 giant cockroaches
  9 hobgoblins
  6 jackals
  20 kobolds
  2 quokkas
  8 ball pythons
  A bat (D:1)
  6 frilled lizards
  9 goblins
  8 rats
213 creatures vanquished.

Vanquished Creatures (others)
  Psyche (D:8)
  6 fungi (Lair:1)
  9 plants
16 creatures vanquished.

Grand Total: 229 creatures vanquished

Notes
Turn   | Place    | Note
-------+----------+-------------------------------------------
     0 | D:1      | avis the Demigod Warper began the quest for the Orb.
     0 | D:1      | Reached XP level 1. HP: 17/17 MP: 5/5
    30 | D:1      | Found Kipaas's Jewellery Shop.
    53 | D:1      | Reached skill level 1 in Stealth
   189 | D:1      | Reached XP level 2. HP: 24/24 MP: 7/7
   340 | D:1      | Learned a level 2 spell: Blink
   760 | D:1      | Reached XP level 3. HP: 27/31 MP: 8/8
  1055 | D:1      | Learned a level 3 spell: Teleport Other
  1149 | D:2      | Noticed Sigmund
  1196 | D:2      | You fall into a shaft and drop 1 floor!
  1775 | D:3      | Identified the ring "Dedimief" {Ice +Blink rN+ SInv}
  1970 | D:3      | Noticed Jessica
  1978 | D:3      | Killed Jessica
  1979 | D:3      | Reached XP level 4. HP: 38/38 MP: 9/9
  2034 | D:3      | Noticed Natasha
  2043 | D:3      | Killed Natasha
  2108 | D:3      | Found a runed translucent door.
  2109 | D:3      | Noticed Crazy Yiuf
  2232 | D:3      | Noticed Natasha
  2253 | D:3      | Killed Natasha
  2319 | D:3      | Noticed Natasha
  2327 | D:3      | Killed Natasha
  2328 | D:3      | Reached XP level 5. HP: 33/45 MP: 10/10
  2959 | D:2      | Killed Sigmund
  2960 | D:2      | Reached XP level 6. HP: 41/53 MP: 11/11
  3205 | D:2      | Identified the ring of Deuceoc {rN+ MP+9}
  3485 | D:4      | Found a staircase to the Ecumenical Temple.
  3519 | D:4      | Reached skill level 5 in Fighting
  3525 | D:4      | Gained mutation: You occasionally shout uncontrollably at
                  | your foes. [potion of mutation]
  3525 | D:4      | Gained mutation: Your spells are a little harder to cast,
                  | but a little more powerful. [potion of mutation]
  3525 | D:4      | Gained mutation: You have large cloven feet. [potion of
                  | mutation]
  3620 | Temple   | Entered the Ecumenical Temple
  3706 | Temple   | Learned a level 4 spell: Manifold Assault
  4324 | D:4      | Noticed Pargi
  4338 | D:4      | Killed Pargi
  4339 | D:4      | Reached XP level 7. HP: 49/61 MP: 13/13
  4592 | D:5      | Entered Level 5 of the Dungeon
  4801 | D:5      | Noticed Prince Ribbit
  4820 | D:5      | Killed Prince Ribbit
  4821 | D:5      | Reached skill level 5 in Long Blades
  4860 | D:5      | Noticed Ijyb
  5253 | D:5      | Killed Ijyb
  5782 | D:6      | Reached skill level 5 in Dodging
  5782 | D:6      | Reached XP level 8. HP: 65/68 MP: 14/14
  6287 | D:6      | Lost mutation: Your spells are a little harder to cast, but
                  | a little more powerful. [potion of mutation]
  6287 | D:6      | Lost mutation: You occasionally shout uncontrollably at
                  | your foes. [potion of mutation]
  6287 | D:6      | Gained mutation: You have a pair of small horns on your
                  | head. [potion of mutation]
  6287 | D:6      | Gained mutation: You passively map a small area around you.
                  | [potion of mutation]
  6287 | D:6      | Gained mutation: You possess an exceptional clarity of
                  | mind. [potion of mutation]
  7097 | D:3      | Killed Crazy Yiuf
  7606 | D:7      | Noticed Maggie
  7623 | D:7      | Killed Maggie
  7624 | D:7      | Reached XP level 9. HP: 49/75 MP: 16/16
  9102 | D:8      | Found a staircase to the Lair.
  9175 | D:8      | Noticed Psyche
  9186 | D:8      | Killed Psyche
 10025 | Lair:1   | Entered Level 1 of the Lair of Beasts
 10194 | Lair:1   | Noticed Sonja
 10202 | Lair:1   | Noticed a komodo dragon
 10204 | Lair:1   | Noticed a black mamba
 10287 | Lair:1   | Killed a black mamba
 10288 | Lair:1   | Reached XP level 10. HP: 55/86 MP: 5/17
 10413 | Lair:1   | Killed Sonja
 10681 | Lair:1   | Reached skill level 10 in Long Blades
 10734 | Lair:1   | HP: 4/86 [blink frog (7)]
 10969 | Lair:1   | Reached skill level 10 in Dodging
 11250 | Lair:1   | Reached XP level 11. HP: 92/92 MP: 7/19
 11348 | Lair:1   | Noticed bmack86's ghost (journeyman MiFi)
 11348 | Lair:1   | Noticed a death yak
 11350 | Lair:1   | Noticed a minotaur
 11366 | Lair:1   | Found a runed translucent gate.
 11366 | Lair:1   | Found a runed translucent gate.
 11366 | Lair:1   | Found a runed translucent gate.
 11542 | D:9      | Noticed a centaur warrior
 11549 | D:9      | Noticed a death knight
 11897 | D:8      | HP: 4/138 [mirror damage (14)]
 11897 | D:8      | Mangled by a death knight

Illustrated notes

Levels and vault maps discovered:
D:1:      nicolae_arrival_somewhat_less_tricky_arrival, layout_basic,
          serial_shops, nicolae_shop_crystal, lexackson_kobold_supper
D:2:      layout_basic, basic_altar, serial_bayou_pond_a, minmay_unequal,
          uniq_sigmund
D:3:      layout_basic, grunt_temple_overflow_open, uniq_jessica,
          uniq_crazy_yiuf_cottage, uniq_natasha
D:4:      layout_basic, mainiacjoe_overflow_small_starburst,
          minmay_temple_entry_slanted, minmay_a_box_with_orc_wizards_in_it,
          uniq_pargi
D:5:      layout_loops_ring, kennysheep_opposing_triangles, uniq_ijyb,
          uniq_prince_ribbit1
D:6:      layout_basic, mainiacjoe_overflow_six_doors_small,
          nicolae_overflow_crystal_walls
D:7:      layout_gridville, nicolae_overflow_hidden_temple, uniq_maggie
D:8:      layout_loops_corners, lair_entry_dummy, minmay_misc_feat_plants,
          uniq_psyche
D:9:      minmay_cut_squares, layout_gridville, serial_undead, serial_undead_d,
          serial_undead_c, serial_undead_c, serial_undead_c,
          minmay_shattered_shrine
Temple:   nicolae_temple_two_arcs
Lair:1:   layout_roguey, maelrawn_ghost_gauntlet_escape, uniq_sonja

Skill      XL: |  1  2  3  4  5  6  7  8  9 10 |
---------------+-------------------------------+-----
Stealth        | 1 |  1.0
Fighting       | 2 3 4 5 6 7 |  7.0
Long Blades    | 2 3 4 6 7 8 10 | 10.0
Dodging        | 2 3 5 8 10 | 10.6
Spellcasting   | 2 3 |  3.0
Translocations | 3 4 |  4.0
Throwing       | |  0.8
Armour         | |  0.8

Action                   |  1- 3 |  4- 6 |  7- 9 | 10-12 || total
-------------------------+-------+-------+-------+-------++-------
Melee: Falchion          |   175 |   146 |     7 |       ||   328
       Punch             |     2 |     4 |     5 |     2 ||    13
       Scimitar          |       |       |   337 |   189 ||   526
       Headbutt          |       |       |    51 |    33 ||    84
 Fire: Sling             |       |    75 |   115 |       ||   190
       Shortbow          |       |       |     6 |    34 ||    40
Throw: Boomerang         |       |       |     2 |       ||     2
 Cast: Blink             |     1 |       |       |     1 ||     2
       Manifold Assault  |       |       |     5 |    13 ||    18
Evoke: Wand              |       |     4 |     7 |     4 ||    15
  Use: Potion            |     2 |     7 |     7 |     4 ||    20
       Scroll            |       |       |    10 |     1 ||    11
 Stab: Sleeping          |     6 |       |     1 |       ||     7
Armor: Leather armour    |    65 |       |       |       ||    65
       Robe              |       |    45 |       |       ||    45
       Skin              |       |       |    15 |     9 ||    24
       Troll leather arm |       |       |    17 |       ||    17
       Steam dragon scal |       |       |    17 |       ||    17
       Swamp dragon scal |       |       |    53 |    34 ||    87
Dodge: Dodged            |   110 |    94 |   365 |   164 ||   733

Table legend: (Time is in decaauts)
 A = Elapsed time spent in this place.
 B = Non-inter-level travel time spent in this place.
 C = Inter-level travel time spent in this place.
 D = Time resting spent in this place.
 E = Time spent auto-exploring this place.
 F = Levels seen in this place.
 G = Mean time per level.
                   A        B        C        D        E       F      G
               +--------+--------+--------+--------+--------+-----+--------+
         Total |  11994 |  10658 |   1336 |   2893 |   4650 |  11 | 1090.4 |
       Dungeon |  10675 |   9403 |   1272 |   2223 |   4464 |   9 | 1186.1 |
        Temple |    111 |    110 |      1 |     72 |      0 |   1 |  111.0 |
          Lair |   1207 |   1144 |     63 |    598 |    186 |   1 | 1207.0 |
               +--------+--------+--------+--------+--------+-----+--------+

Top non-repeatable levels by time:
     D:3: 1660 daAuts
     D:8: 1511 daAuts
     D:7: 1501 daAuts
     D:6: 1372 daAuts
     D:4: 1369 daAuts
  Lair:1: 1207 daAuts
     D:1: 1157 daAuts
     D:5: 1116 daAuts
     D:2: 938 daAuts
  Temple: 111 daAuts
     D:9: 47 daAuts
